TOP OF THE 1ST |
Houston Colt .45's batting - Pitching for Calgary Flames : RHP Vicente Gonzalez
|
Pitching: RHP Vicente Gonzalez
|
|
Batting: RHB John Moore
|
0-0: Called Strike 0-1: Foul Ball, location: 2F 0-2: Ball 1-2: Ball 2-2: Foul Ball, location: 2F 2-2: Ball 3-2: SOLO HOME RUN (Flyball, 9D, EV 96.9 MPH), Distance : 379 ft
|
Batting: RHB Kieron Clark
|
0-0: Ball 1-0: Called Strike 1-1: Ball 2-1: Ball 3-1: Called Strike 3-2: Base on Balls
|
Batting: RHB Noah Pena
|
0-0: Swinging Strike 0-1: Ball 1-1: Ball 2-1: Foul Ball, location: 2F 2-2: Strikes out swinging
|
Batting: RHB Jarno van Lente
|
0-0: Ball 1-0: Ball 2-0: Swinging Strike 2-1: Ball 3-1: Base on Balls Kieron Clark to second
|
Batting: SHB Terciero Ortiz
|
0-0: Ball 1-0: Called Strike 1-1: Fly out, F7 (Flyball, 7, EV 85.0 MPH)
|
Batting: RHB Patrick Pinault
|
0-0: Swinging Strike 0-1: Called Strike 0-2: Strikes out swinging
|
Top of the 1st over - 1 run, 1 hit, 0 errors, 2 left on base; Houston 1 - Calgary 0 |
BOTTOM OF THE 1ST |
Calgary Flames batting - Pitching for Houston Colt .45's : RHP Shitoshi Sai
|
Pitching: RHP Shitoshi Sai
|
|
Batting: RHB Elias Vences
|
0-0: Called Strike 0-1: Ball 1-1: Ball 2-1: Ball 3-1: Base on Balls
|
Batting: RHB Norinaga Yamakawakamatsu
|
0-0: Ball 1-0: Swinging Strike 1-1: Called Strike 1-2: Foul Ball, location: 2F 1-2: Fly out, F8 (Line Drive, 8RM, EV 88.1 MPH)
|
Batting: RHB Victor Contreras
|
0-0: Ball Elias Vences is caught stealing 2nd base 2-4 1-0: Swinging Strike 1-1: Ball 2-1: Foul Ball, location: 2F 2-2: Foul Ball, location: 2F 2-2: Foul Ball, location: 2F 2-2: Strikes out swinging
|
Bottom of the 1st over - 0 runs, 0 hits, 0 errors, 0 left on base; Houston 1 - Calgary 0 |
TOP OF THE 2ND |
Houston Colt .45's batting - Pitching for Calgary Flames : RHP Vicente Gonzalez
|
Batting: LHB Vecdi Hodensack
|
0-0: Ground out 4-3 (Groundball, 4, EV 100.0 MPH)
|
Batting: LHB Bob Neale
|
0-0: Foul Ball, location: 2F 0-1: Ball 1-1: Foul Ball, location: 2F 1-2: Strikes out looking
|
Batting: RHB David Sanchez
|
0-0: Ball 1-0: Foul Ball, location: 2F 1-1: Fly out, F9 (Flyball, 9D, EV 81.2 MPH)
|
Top of the 2nd over - 0 runs, 0 hits, 0 errors, 0 left on base; Houston 1 - Calgary 0 |
BOTTOM OF THE 2ND |
Calgary Flames batting - Pitching for Houston Colt .45's : RHP Shitoshi Sai
|
Batting: RHB Edgardo Rivera
|
0-0: Fly out, F6 (Popup, 4MD, EV 71.9 MPH)
|
Batting: RHB Willie Torres
|
0-0: Called Strike 0-1: Ball 1-1: Ground out 3-1 (Groundball, 34, EV 80.0 MPH)
|
Batting: SHB Yu-hsui Lew
|
0-0: Swinging Strike 0-1: Ball 1-1: SINGLE (Groundball, 6, EV 96.2 MPH)
|
Batting: LHB Gary Corrales
|
0-0: Ball 1-0: Called Strike Yu-hsui Lew is caught stealing 2nd base 2-6
|
Bottom of the 2nd over - 0 runs, 1 hit, 0 errors, 0 left on base; Houston 1 - Calgary 0 |
TOP OF THE 3RD |
Houston Colt .45's batting - Pitching for Calgary Flames : RHP Vicente Gonzalez
|
Batting: RHB John Moore
|
0-0: Ball 1-0: Ball 2-0: Called Strike 2-1: Foul Ball, location: 2F 2-2: Ball 3-2: Ground out 3-1 (Groundball, 34S, EV 86.9 MPH)
|
Batting: RHB Kieron Clark
|
0-0: Ball 1-0: Foul Ball, location: 2F 1-1: Ball 2-1: Foul Ball, location: 2F 2-2: Foul Ball, location: 2F 2-2: Ball 3-2: Ground out U3 (Groundball, 3, EV 76.2 MPH)
|
Batting: RHB Noah Pena
|
0-0: Swinging Strike 0-1: Ball 1-1: Foul Ball, location: 2F 1-2: Ball 2-2: Strikes out swinging
|
Top of the 3rd over - 0 runs, 0 hits, 0 errors, 0 left on base; Houston 1 - Calgary 0 |
BOTTOM OF THE 3RD |
Calgary Flames batting - Pitching for Houston Colt .45's : RHP Shitoshi Sai
|
Batting: LHB Gary Corrales
|
0-0: Reached on error, E7 (Flyball, 78M, EV 93.8 MPH)
|
Batting: LHB Bruce Daley
|
0-0: Swinging Strike 0-1: Ball 1-1: Swinging Strike 1-2: Foul Ball, location: 2F 1-2: Foul Ball, location: 2F 1-2: Foul Ball, location: 2F 1-2: Strikes out swinging
|
Batting: RHB Tyler Johnson
|
0-0: Fly out, F9 (Line Drive, 89S, EV 95.6 MPH)
|
Batting: RHB Elias Vences
|
0-0: Ball 1-0: Called Strike 1-1: Called Strike 1-2: Strikes out looking
|
Bottom of the 3rd over - 0 runs, 0 hits, 1 error, 1 left on base; Houston 1 - Calgary 0 |
TOP OF THE 4TH |
Houston Colt .45's batting - Pitching for Calgary Flames : RHP Vicente Gonzalez
|
Batting: RHB Jarno van Lente
|
0-0: Called Strike 0-1: Ball 1-1: Ball 2-1: Swinging Strike 2-2: Ball 3-2: Base on Balls
|
Batting: SHB Terciero Ortiz
|
0-0: Swinging Strike 0-1: Called Strike 0-2: Ball 1-2: Strikes out swinging
|
Batting: RHB Patrick Pinault
|
0-0: Ball Jarno van Lente is caught stealing 2nd base 2-4 1-0: Swinging Strike 1-1: Foul Ball, location: 2F 1-2: Ball 2-2: Foul Ball, location: 2F 2-2: Strikes out swinging
|
Top of the 4th over - 0 runs, 0 hits, 0 errors, 0 left on base; Houston 1 - Calgary 0 |
BOTTOM OF THE 4TH |
Calgary Flames batting - Pitching for Houston Colt .45's : RHP Shitoshi Sai
|
Batting: RHB Norinaga Yamakawakamatsu
|
0-0: Bunt for hit to 13 - play at first, batter OUT! 1-3
|
Batting: RHB Victor Contreras
|
0-0: Ball 1-0: SINGLE (Groundball, 56D, EV 103.1 MPH)
|
Batting: RHB Edgardo Rivera
|
0-0: Swinging Strike 0-1: Fly out, F8 (Flyball, 8RD, EV 78.8 MPH)
|
Batting: RHB Willie Torres
|
0-0: Called Strike 0-1: Ball 1-1: Ball 2-1: Fielders Choice at 2nd, 6-4 (Groundball, 56, EV 90.6 MPH)
|
Bottom of the 4th over - 0 runs, 1 hit, 0 errors, 1 left on base; Houston 1 - Calgary 0 |
TOP OF THE 5TH |
Houston Colt .45's batting - Pitching for Calgary Flames : RHP Vicente Gonzalez
|
Batting: LHB Vecdi Hodensack
|
0-0: Swinging Strike 0-1: Ball 1-1: Fly out, F8 (Flyball, 8RD, EV 92.5 MPH)
|
Batting: LHB Bob Neale
|
0-0: Ground out 4-3 (Groundball, 34D, EV 106.9 MPH)
|
Batting: RHB David Sanchez
|
0-0: Fly out, F6 (Popup, 6M, EV 78.1 MPH)
|
Top of the 5th over - 0 runs, 0 hits, 0 errors, 0 left on base; Houston 1 - Calgary 0 |
BOTTOM OF THE 5TH |
Calgary Flames batting - Pitching for Houston Colt .45's : RHP Shitoshi Sai
|
Batting: SHB Yu-hsui Lew
|
0-0: Foul Ball, location: 2F 0-1: Ball 1-1: Ball 2-1: Ball 3-1: Base on Balls
|
Batting: LHB Gary Corrales
|
0-0: Ball Balk! Yu-hsui Lew to second 1-0: Ball 2-0: DOUBLE (Line Drive, 89XD, EV 101.9 MPH) Yu-hsui Lew scores
|
Batting: LHB Bruce Daley
|
0-0: Foul Ball, location: 2F 0-1: Ground out U3 (Groundball, 34, EV 90.0 MPH) Gary Corrales to third
|
Batting: RHB Tyler Johnson
|
0-0: Swinging Strike 0-1: Swinging Strike 0-2: Strikes out swinging
|
Pitching: LHP Rod Somerville
|
|
Batting: RHB Elias Vences
|
0-0: Ground out 4-3 (Groundball, 4M, EV 87.5 MPH)
|
Bottom of the 5th over - 1 run, 1 hit, 0 errors, 1 left on base; Houston 1 - Calgary 1 |
TOP OF THE 6TH |
Houston Colt .45's batting - Pitching for Calgary Flames : RHP Vicente Gonzalez
|
Batting: RHB John Moore
|
0-0: Ball 1-0: Called Strike 1-1: Ball 2-1: Foul Ball, location: 2F 2-2: Strikes out swinging
|
Batting: RHB Kieron Clark
|
0-0: Ball 1-0: Swinging Strike 1-1: Foul Ball, location: 2F 1-2: Foul Ball, location: 2F 1-2: Ball 2-2: Foul Ball, location: 2F 2-2: Foul Ball, location: 2F 2-2: Strikes out swinging
|
Batting: RHB Noah Pena
|
0-0: Foul Ball, location: 2F 0-1: Called Strike 0-2: Ball 1-2: Foul Ball, location: 2F 1-2: Ball 2-2: Strikes out looking
|
Top of the 6th over - 0 runs, 0 hits, 0 errors, 0 left on base; Houston 1 - Calgary 1 |
BOTTOM OF THE 6TH |
Calgary Flames batting - Pitching for Houston Colt .45's : LHP Rod Somerville
|
Batting: RHB Norinaga Yamakawakamatsu
|
0-0: Called Strike 0-1: Ball 1-1: Foul Ball, location: 2F 1-2: Foul Ball, location: 2F 1-2: Strikes out swinging
|
Batting: RHB Victor Contreras
|
0-0: Called Strike 0-1: DOUBLE (Line Drive, 89M, EV 102.5 MPH)
|
Batting: RHB Edgardo Rivera
|
0-0: Called Strike 0-1: Called Strike 0-2: SINGLE (Line Drive, 6D, EV 98.1 MPH) Victor Contreras to third
|
Batting: RHB Willie Torres
|
0-0: Swinging Strike 0-1: Foul Ball, location: 2F 0-2: Strikes out looking
|
Batting: SHB Yu-hsui Lew
|
0-0: Foul Ball, location: 2F 0-1: Fielders Choice at 2nd, U6 (Groundball, 6M, EV 85.0 MPH)
|
Bottom of the 6th over - 0 runs, 2 hits, 0 errors, 2 left on base; Houston 1 - Calgary 1 |
TOP OF THE 7TH |
Houston Colt .45's batting - Pitching for Calgary Flames : RHP Vicente Gonzalez
|
Batting: RHB Jarno van Lente
|
0-0: Called Strike 0-1: Ball 1-1: Ball 2-1: Ball 3-1: Reached on error, E9 (Line Drive, 9S, EV 95.6 MPH)
|
Batting: SHB Terciero Ortiz
|
0-0: Called Strike 0-1: SINGLE (Line Drive, 3D, EV 98.1 MPH) Jarno van Lente to third
|
Batting: RHB Patrick Pinault
|
0-0: Ball 1-0: Called Strike 1-1: Ball 2-1: Swinging Strike 2-2: Ball 3-2: Strikes out swinging
|
Pitching: LHP Dong-u Jung
|
|
Pinch Hitting: RHB Jesus Diego
|
0-0: Ball 1-0: Swinging Strike 1-1: Ball 2-1: Foul Ball, location: 2F 2-2: SINGLE (Groundball, 6MD, EV 93.8 MPH) Jarno van Lente scores Terciero Ortiz to second
|
Batting: LHB Bob Neale
|
0-0: Ball 1-0: Ball 2-0: Called Strike 2-1: Called Strike 2-2: Ball 3-2: Strikes out looking
|
Pitching: LHP Randy Latendresse
|
|
Batting: RHB David Sanchez
|
0-0: Called Strike 0-1: Ball 1-1: Ball 2-1: Called Strike 2-2: Foul Ball, location: 2F 2-2: Ball 3-2: Foul Ball, location: 2F 3-2: Strikes out swinging
|
Top of the 7th over - 1 run, 2 hits, 1 error, 2 left on base; Houston 2 - Calgary 1 |
BOTTOM OF THE 7TH |
Calgary Flames batting - Pitching for Houston Colt .45's : LHP Rod Somerville
|
Now in RF: Jesus Diego
|
|
Batting: LHB Gary Corrales
|
0-0: Called Strike 0-1: Ground out 3-1 (Groundball, 34, EV 110.0 MPH)
|
Pitching: LHP Shane Robinson
|
|
Batting: LHB Bruce Daley
|
0-0: Foul Ball, location: 2F 0-1: Ball 1-1: Ball 2-1: Ball 3-1: Base on Balls
|
Pinch Hitting: RHB Rod Johnson
|
0-0: Ball 1-0: Foul Ball, location: 2F 1-1: Foul Ball, location: 2F 1-2: Strikes out swinging
|
Batting: RHB Elias Vences
|
0-0: Ball 1-0: Called Strike 1-1: Ball 2-1: Ball 3-1: Base on Balls Bruce Daley to second
|
Batting: RHB Norinaga Yamakawakamatsu
|
0-0: Ball 1-0: SINGLE (Groundball, 5S, EV 66.9 MPH) (infield hit) Bruce Daley to third Elias Vences to second
|
Batting: RHB Victor Contreras
|
0-0: Fly out, F4 (Popup, 34S, EV 78.1 MPH)
|
Bottom of the 7th over - 0 runs, 1 hit, 0 errors, 3 left on base; Houston 2 - Calgary 1 |
TOP OF THE 8TH |
Houston Colt .45's batting - Pitching for Calgary Flames : LHP Randy Latendresse
|
Now at 2B: Pablo Henriquez
|
|
Batting: RHB John Moore
|
0-0: Swinging Strike 0-1: Ball 1-1: Foul Ball, location: 2F 1-2: Ball 2-2: Strikes out swinging
|
Batting: RHB Kieron Clark
|
0-0: Ball 1-0: Ball 2-0: Fly out, F9 (Flyball, 9LM, EV 86.9 MPH)
|
Batting: RHB Noah Pena
|
0-0: Single, Error in OF, E8, batter to second base (Groundball, 6D, EV 95.6 MPH)
|
Batting: RHB Jarno van Lente
|
0-0: Ball 1-0: Foul Ball, location: 2F 1-1: Ball 2-1: Ground out U3 (Groundball, 34S, EV 83.8 MPH)
|
Top of the 8th over - 0 runs, 1 hit, 1 error, 1 left on base; Houston 2 - Calgary 1 |
BOTTOM OF THE 8TH |
Calgary Flames batting - Pitching for Houston Colt .45's : LHP Shane Robinson
|
Batting: RHB Edgardo Rivera
|
0-0: Foul Ball, location: 2F 0-1: Ball 1-1: Foul Ball, location: 2F 1-2: Foul Ball, location: 2F 1-2: Strikes out swinging
|
Batting: RHB Willie Torres
|
0-0: Fly out, F8 (Flyball, 8LS, EV 85.0 MPH)
|
Batting: SHB Yu-hsui Lew
|
0-0: SINGLE (Line Drive, 6D, EV 100.6 MPH)
|
Pinch Hitting: RHB Mick Vaught
|
0-0: Ground out U3 (Groundball, 3L, EV 86.2 MPH)
|
Bottom of the 8th over - 0 runs, 1 hit, 0 errors, 1 left on base; Houston 2 - Calgary 1 |
TOP OF THE 9TH |
Houston Colt .45's batting - Pitching for Calgary Flames : LHP Randy Latendresse
|
Pitching: LHP Trevor Lewis
|
|
Now in RF: Antonio Martinez
|
|
Batting: SHB Terciero Ortiz
|
0-0: Foul Ball, location: 2F 0-1: Swinging Strike 0-2: Ball 1-2: Ball 2-2: Foul Ball, location: 2F 2-2: Foul Ball, location: 2F 2-2: Foul Ball, location: 2F 2-2: Ball 3-2: Hit by Pitch
|
Batting: RHB Patrick Pinault
|
0-0: Ball 1-0: Ball 2-0: Sac Bunt to 3S - play at first, batter safe! Terciero Ortiz to second
|
Batting: RHB Jesus Diego
|
0-0: Bunted foul 0-1: Bunted foul 0-2: Foul Ball, location: 2F 0-2: Strikes out swinging
|
Batting: LHB Bob Neale
|
0-0: Fly out, F7 (Flyball, 7LM, EV 95.0 MPH)
|
Pinch Hitting: RHB Domingas Saragoa
|
0-0: Called Strike 0-1: Ball 1-1: Foul Ball, location: 2F 1-2: Strikes out swinging
|
Top of the 9th over - 0 runs, 1 hit, 0 errors, 2 left on base; Houston 2 - Calgary 1 |
BOTTOM OF THE 9TH |
Calgary Flames batting - Pitching for Houston Colt .45's : LHP Shane Robinson
|
Pitching: RHP Tim Evans
|
|
Now at C: Domingas Saragoa
|
|
Pinch Hitting: RHB Juan Mercado
|
0-0: Called Strike 0-1: Fly out, F3 (Line Drive, 3L, EV 75.6 MPH)
|
Batting: RHB Pablo Henriquez
|
0-0: Called Strike 0-1: Swinging Strike 0-2: Fly out, F8 (Flyball, 8RD, EV 95.0 MPH)
|
Batting: RHB Elias Vences
|
0-0: Called Strike 0-1: Swinging Strike 0-2: Strikes out swinging
|
Bottom of the 9th over - 0 runs, 0 hits, 0 errors, 0 left on base; Houston 2 - Calgary 1 |
|